 Dungeon Crawl Stone Soup version 0.31.0-9-g3a7656b989 (webtiles) character file.

Game seed: 8597368041080853913

1235 SnakkuSnakku7 the Skirmisher (level 8, -1/54 HPs)
             Began as a Djinni Hunter on Jan 24, 2024.
             Was a Believer of Makhleb.
             Slain by Grinder (2 damage)
             ... on level 6 of the Dungeon.
             The game lasted 00:07:32 (4637 turns).

SnakkuSnakku7 the Skirmisher (Djinni Hunter)        Turns: 4637, Time: 00:07:32

Health: -1/54      AC:  6    Str: 10    XL:     8   Next: 77%
Gold:   410        EV: 12    Int: 11    God:    Makhleb [**....] SH:  5 Dex: 19

rFire   + + .        a - +1 shortbow
rCold   x . .        (shield currently unavailable)
rNeg    . . .        x - +2 robe
rPois   ∞            m - +0 helmet
rElec   .            l - +0 cloak
rCorr   +            (no gloves)
SInv    .            (boots unavailable)
Will    .....        s - amulet of reflection
Stlth   ++           d - ring of resist corrosion
HPRegen 0.29/turn    (no ring)
MPRegen 0.00/turn

%: reflection, infuse magic (-2 HP)
@: about to teleport, flying
A: sickness immunity, fire resistance 2, cold vulnerability 1, float, innate
caster, HP casting, extra vitality 1
a: Renounce Religion, Minor Destruction


You were on level 6 of the Dungeon.
You worshipped Makhleb.
Makhleb was pleased with you.
You visited 1 branch of the dungeon, and saw 6 of its levels.
You also visited: Sewer.

You collected 410 gold pieces.

Inventory:

Hand Weapons
 a - a +1 shortbow (weapon)
Armour
 c - a +0 leather armour
 e - a +0 ring mail
 l - a +0 cloak (worn)
 m - a +0 helmet (worn)
 v - a +1 ring mail of poison resistance
 x - a +2 robe (worn)
Jewellery
 d - a ring of resist corrosion (left hand)
 s - an amulet of reflection (around neck)
 u - a ring of willpower
Wands
 b - a wand of flame (25)
 t - a wand of roots (1)
Scrolls
 h - 4 scrolls of fear
 i - 3 scrolls of revelation
 o - 3 scrolls of teleportation
 w - a scroll of enchant weapon
Potions
 f - a potion of enlightenment
 g - 2 potions of brilliance
 z - a potion of attraction


   Skills:
 - Level 2.0 Fighting
 + Level 9.0 Ranged Weapons
 - Level 2.1 Dodging
 - Level 0.7 Stealth


You knew the following spells:

 Your Spells              Type           Power      Damage    Failure   Level
a - Shock                 Conj/Air       0%         1d3       34%         1
b - Momentum Strike       Conj/Tloc      0%         3d8       47%         2
c - Searing Ray           Conj           0%         2d4       47%         2
Your spell library was empty.

Dungeon Overview and Level Annotations

Branches:
Dungeon (6/15)             Temple (0/1) D:4           Sewer (visited)

Altars:
Cheibriados
Dithmenos
Makhleb
Yredelemnul
Zin

Annotations:
D:2 1 runed translucent door, Crazy Yiuf
D:4 Dowan, Duvessa
D:6 Grinder


Innate Abilities, Weirdness & Mutations

You are immune to sickness and miasma.
You are immune to poison.
Your flesh is very heat resistant. (rF++)
You are vulnerable to cold. (rC-)
You float through the air rather than walking.
You learn spells naturally, not from books.
Your magical power is your life essence.
You have superior vitality. (+4 MHP)


Message History

Grinder is lightly wounded.
Grinder misses you.
You shoot an arrow.
The arrow hits Grinder but does no damage.
Grinder is lightly wounded.
Grinder gestures at you. Pain shoots through your body!
You shoot an arrow. The arrow hits Grinder.
Grinder is moderately wounded.
Grinder hits you.
You writhe in agony.
Unknown command.
You shoot an arrow. The arrow closely misses Grinder.
Grinder barely misses you.
You shoot an arrow. The arrow closely misses Grinder.
Grinder gestures at you.
You suddenly lose the ability to move!
Grinder gestures at you. Pain shoots through your body!
Grinder says, "My boss said I was rubbish.
His entrails said otherwise."
Grinder gestures at you. Pain shoots through your body!
* * * LOW HITPOINT WARNING * * *
Grinder hits you.
* * * LOW HITPOINT WARNING * * *
You writhe in agony.
* * * LOW HITPOINT WARNING * * *
You can move again.
You are too injured to fight recklessly!
You shoot an arrow. The arrow hits Grinder!
Grinder is heavily wounded.
You block Grinder's attack.
Unknown command.
It was a potion of cancellation.
You feel magically purged. Grinder hits you.
* * * LOW HITPOINT WARNING * * *
As you read the scroll of teleportation, it crumbles to dust.
You feel strangely unstable. Grinder hits you.
* * * LOW HITPOINT WARNING * * *
You writhe in agony.
You die...
Grinder sighs, "Dead already?
I want a refund."

#.###............#
#..(........######
#...........#
#..........########
########..........#
#...†......#
#..........#
#.....5....#
#.....†@..$#
#..........#
#..........#
......#.#####
####.!.#.# #...#.#
#...#.# .. #.


You could see Grinder.

Vanquished Creatures
  Sigmund (D:4)
  Pargi (Sewer)
  A black bear (D:6)
  A brain worm (Sewer)
  3 scorpions
  5 wights (D:4)
  A jelly (D:4)
  A bombardier beetle (D:5)
  2 hounds (D:4)
  2 sleepcaps
  2 iguanas (D:5)
  6 adders
  2 river rats (D:3)
  5 dart slugs
  A ribbon worm (D:2)
  6 orcs
  11 endoplasms
  A giant cockroach (D:3)
  3 goblins
  8 hobgoblins
  4 quokkas
  8 ball pythons
  17 bats
  6 frilled lizards
  6 kobolds
  6 rats
110 creatures vanquished.

Notes
Turn   | Place    | Note
-------+----------+-------------------------------------------
     0 | D:1      | SnakkuSnakku7 the Djinni Hunter began the quest for the
                  | Orb.
     0 | D:1      | Reached XP level 1. HP: 18/18 MP: 0/0
    80 | D:1      | Reached XP level 2. HP: 23/23 MP: 0/0
   200 | D:1      | Reached XP level 3. HP: 28/28 MP: 0/0
   200 | D:1      | Learned a level 1 spell: Shock
   295 | D:1      | Reached skill level 4 in Ranged Weapons
   512 | D:2      | Found a faded altar of an unknown god.
   610 | D:2      | Prayed at the altar of an unknown god.
   610 | D:2      | Became a worshipper of Makhleb the Destroyer
   610 | D:2      | Reached * piety under Makhleb
  1030 | D:2      | Reached XP level 4. HP: 33/33 MP: 0/0
  1222 | D:2      | Found a runed translucent door.
  1223 | D:2      | Noticed Crazy Yiuf
  1778 | D:3      | Reached skill level 5 in Ranged Weapons
  1778 | D:3      | Reached XP level 5. HP: 23/38 MP: 0/0
  1778 | D:3      | Learned a level 2 spell: Momentum Strike
  1779 | D:3      | Found a glowing drain.
  1798 | Sewer    | Entered a sewer
  1808 | Sewer    | Reached ** piety under Makhleb
  1846 | Sewer    | Noticed a brain worm
  1854 | Sewer    | Killed a brain worm
  1970 | Sewer    | Noticed Pargi
  2056 | Sewer    | Killed Pargi
  2057 | Sewer    | Reached skill level 6 in Ranged Weapons
  2057 | Sewer    | Reached XP level 6. HP: 34/43 MP: 0/0
  2582 | D:4      | Noticed Sigmund
  2628 | D:4      | Killed Sigmund
  2629 | D:4      | Reached XP level 7. HP: 16/49 MP: 0/0
  2629 | D:4      | Learned a level 2 spell: Searing Ray
  2773 | D:4      | Found a staircase to the Ecumenical Temple.
  2783 | D:4      | Reached skill level 7 in Ranged Weapons
  3241 | D:4      | HP: 2/49 [wight/+3 trident (14)]
  3249 | D:4      | Reached XP level 8. HP: 7/54 MP: 0/0
  3545 | D:4      | Found a basalt altar of Yredelemnul.
  3545 | D:4      | Found a shadowy altar of Dithmenos.
  3672 | D:4      | Noticed Duvessa
  3672 | D:4      | Noticed Dowan
  3836 | D:4      | Reached skill level 8 in Ranged Weapons
  3887 | D:5      | Entered Level 5 of the Dungeon
  4166 | D:5      | Found a snail-covered altar of Cheibriados.
  4375 | D:5      | Found a glowing silver altar of Zin.
  4375 | D:5      | Noticed an angel
  4611 | D:6      | Reached skill level 9 in Ranged Weapons
  4614 | D:6      | Noticed Grinder
  4631 | D:6      | Paralysed by Grinder for 4 turns
  4637 | D:6      | HP: 1/54 [Grinder (5)]
  4637 | D:6      | Slain by Grinder

Illustrated notes

Levels and vault maps discovered:
D:1:      dpeg_arrival_simpleton_c, layout_basic
D:2:      layout_loops_corners, nicolae_ecumenical_oubliette,
          uniq_crazy_yiuf_cottage
D:3:      layout_loops_cross, portal_sewer_entry_b
D:4:      layout_basic, gammafunk_temple_overflow_elements,
          minmay_temple_entry_statues_fountains, minmay_misc_feat_cross,
          uniq_duvessa, uniq_sigmund
D:5:      layout_cave_pools, slow_altar_2, zin_angel, minmay_misc_feat_rows,
          nrook_mini_backslash, nicolae_the_louvre
D:6:      layout_basic, mainiacjoe_overflow_small_starburst,
          kennysheep_generic_room_8, uniq_grinder, uniq_jeremiah, uniq_edmund

Skill      XL: |  1  2  3  4  5  6  7  8 |
---------------+-------------------------+-----
Ranged Weapons | 4 5 6 7 9 |  9.0
Fighting       | |  2.0
Dodging        | |  2.1
Stealth        | |  0.7

Action                     |  1- 3 |  4- 6 |  7- 9 || total
---------------------------+-------+-------+-------++-------
   Fire: Shortbow          |    99 |   234 |   168 ||   501
  Evoke: Wand              |       |       |     3 ||     3
    Use: Potion            |       |     1 |     3 ||     4
         Scroll            |       |       |    14 ||    14
 Armour: Leather armour    |    20 |    18 |       ||    38
         Ring mail         |       |    82 |       ||    82
         Robe              |       |       |    64 ||    64
  Dodge: Dodged            |    30 |    82 |    24 ||   136
  Block: Other             |       |    23 |    18 ||    41
         Reflection        |       |     1 |       ||     1
